 Dungeon Crawl Stone Soup version 0.27-a0-869-g165b36e3f0 (webtiles) character file.

Game seed: 6939865558136470658

543 polve the Slasher (level 7, -1/46 HPs)
             Began as an Octopode Fighter on Apr 2, 2021.
             Splashed by a jelly's acid (3 damage)
             ... on level 5 of the Dungeon.
             The game lasted 00:03:28 (5272 turns).

polve the Slasher (Octopode Fighter)                Turns: 5272, Time: 00:03:29

Health: -1/46      AC: -3    Str: 15    XL:     7   Next: 27%
Magic:  7/7        EV: 11    Int: 11    God:
Gold:   175        SH:  8    Dex: 13    Spells: 6/6 levels left

rFire    . . .     SeeInvis .   a - +0 long sword
rCold    . . .     Faith    .   b - +0 kite shield
rNeg     . . .     Spirit   .   (helmet restricted)
rPois    .         Reflect  .   l - amulet of the acrobat
rElec    .         Harm     .   (no ring)
rCorr    .         Rampage  .   (no ring)
Will     .....                  (no ring)
Stlth    +++.......             (no ring)
HPRegen  0.15/turn              (no ring)
MPRegen  0.10/turn              (no ring)
                                (no ring)
                                (no ring)

@: corroded
A: almost no armour, amphibious, 8 rings, camouflage 1, gelatinous body 1,
(nimble swimmer 1), tentacles
a: no special abilities


You were on level 5 of the Dungeon.
You visited 1 branch of the dungeon, and saw 5 of its levels.

You collected 175 gold pieces.

Inventory:

Hand Weapons
 a - a +0 long sword (weapon)
Missiles
 h - 2 boomerangs of dispersal (quivered)
Armour
 b - a +0 kite shield (worn)
Jewellery
 l - an amulet of the acrobat (around mantle)
 n - an amulet of reflection
Scrolls
 d - 2 scrolls of teleportation {unknown}
 e - 2 scrolls of identify {unknown}
 g - 2 scrolls of magic mapping {unknown}
 o - a scroll of immolation {unknown}
 p - a scroll of enchant weapon {unknown}
 q - 2 scrolls of noise {unknown}
Potions
 c - a potion of ambrosia {unknown}
 f - a potion of flight {unknown}
 i - 2 potions of curing
 j - a potion of degeneration {unknown}
 k - a potion of berserk rage {unknown}
 m - 2 potions of heal wounds {unknown}


   Skills:
 - Level 3.0 Fighting
 + Level 7.1 Long Blades
 - Level 3.0 Dodging
 - Level 4.0 Stealth
 - Level 3.0 Shields


You had 6 spell levels left.
You didn't know any spells.
Your spell library was empty.

Dungeon Overview and Level Annotations

Branches:
Dungeon (5/15)
 Temple: D:4-7

Altars:
Kikubaaqudgha

Shops:
D:1 ((


Innate Abilities, Weirdness & Mutations

You cannot wear most types of armour.
You are amphibious.
You can wear up to eight rings at the same time.
Your skin changes colour to match your surroundings (Stealth+).
Your rubbery body absorbs attacks. (AC +1, EV +1)
((You are camouflaged near water. (Stealth+)))
You have tentacles for arms and can constrict up to eight enemies at once.


Message History

You constrict the bullfrog zombie. The bullfrog zombie barely misses you.
The bullfrog zombie hits you.
You hit the bullfrog zombie.
You destroy the bullfrog zombie!
No target in view!
q - 2 scrolls labelled SIEFOR XUINU
i - 2 potions of curing (gained 1)
You open the door.
There is an open door here.
You now have 175 gold pieces (gained 9).
A jelly comes into view.
A jelly is nearby!
A jelly is nearby!
A jelly is nearby!
No target in view!
No target in view!
No target in view!
No target in view!
A jelly is nearby!
A jelly is nearby!
The jelly quivers.
The jelly hits you.
You are splashed with acid!
You are too injured to fight recklessly!
You are too injured to fight recklessly!
A jelly is nearby!
You hit the jelly.
Your tentacles burn!
You squeeze the jelly!
The jelly is heavily wounded.
You block the jelly's attack.
You hit the jelly.
Your tentacles burn!
The jelly is severely wounded.
The jelly hits you.
You are splashed with acid!
The jelly closely misses you.
You slash the jelly!
Your tentacles burn!
* * * LOW HITPOINT WARNING * * *
The jelly is almost dead.
The jelly hits you.
* * * LOW HITPOINT WARNING * * *
The acid corrodes you!
You are splashed with acid!
* * * LOW HITPOINT WARNING * * *
You hit the jelly but do no damage.
Your tentacles burn!
You die...

.....#.......# #.#
######.####### #.# #.#
#.####### ##'## #.......#
##...## #.#####.#
##.....## ####.#####.#
##.......## #.......##.#
###.........###.....#.##.#
.............J@.....#.##.#
###.........###..........#
##.......## #.#.....####
##.....## #.#.#.###
##...## #.#.#.# ##'##
#.....# #.# ###.### #.#
#.# ##.## #.#


You could see a jelly.

Vanquished Creatures
  A black bear (D:4)
  An ogre (D:4)
  A scorpion (D:4)
  2 bullfrog zombies (D:5)
  An orc priest (D:5)
  A bullfrog skeleton (D:4)
  2 iguanas (D:5)
  A howler monkey zombie (D:5)
  4 adders
  An ufetubus (D:4)
  12 orcs
  17 endoplasms
  A giant cockroach (D:1)
  2 goblins
  7 hobgoblins
  3 jackals (D:4)
  6 kobolds
  4 quokkas (D:1)
  3 ball pythons
  3 bats
  3 frilled lizards
  A rat (D:1)
77 creatures vanquished.

Notes
Turn   | Place    | Note
-------+----------+-------------------------------------------
     0 | D:1      | polve the Octopode Fighter began the quest for the Orb.
     0 | D:1      | Reached XP level 1. HP: 16/16 MP: 1/1
    30 | D:1      | Reached XP level 2. HP: 11/21 MP: 2/2
   233 | D:1      | Found a faded altar of an unknown god.
   300 | D:1      | Found Xaogu Nof's Weapon Shop.
   485 | D:1      | Reached skill level 3 in Long Blades
   490 | D:1      | Found Fudeh's Antique Weapon Emporium.
   778 | D:1      | Reached XP level 3. HP: 26/26 MP: 3/3
  1410 | D:2      | Reached skill level 4 in Long Blades
  1705 | D:2      | Reached XP level 4. HP: 10/31 MP: 4/4
  2878 | D:3      | Reached skill level 1 in Stealth
  3390 | D:4      | Noticed a scorpion
  3398 | D:4      | Killed a scorpion
  3399 | D:4      | Reached XP level 5. HP: 27/36 MP: 5/5
  3564 | D:4      | Found an ancient bone altar of Kikubaaqudgha.
  3589 | D:4      | Noticed a black bear
  3597 | D:4      | Killed a black bear
  3598 | D:4      | Reached skill level 5 in Long Blades
  3598 | D:4      | Reached XP level 6. HP: 32/42 MP: 6/6
  3699 | D:4      | Reached skill level 6 in Long Blades
  4552 | D:5      | Entered Level 5 of the Dungeon
  4745 | D:5      | Reached XP level 7. HP: 46/46 MP: 7/7
  5152 | D:5      | Reached skill level 7 in Long Blades
  5271 | D:5      | HP: 2/46 [acid (7)]
  5272 | D:5      | Splashed by a jelly's acid

Illustrated notes

Levels and vault maps discovered:
D:1:      minmay_arrival_three_doors, layout_basic,
          ebering_ecumenical_altar_sacrificial, serial_shops, shop,
          nicolae_shop_temple_entry_statues_fountains, minmay_tromino_i4
D:2:      mumra_celtic_spiral_tile, layout_loops_corners,
          chequers_serial_rivers_small_3, hex_tiny, hangedman_decor_points,
          chequers_serial_rivers_micro_d
D:3:      layout_basic, minmay_tree_intersection, grunt_ministairs_12,
          kennysheep_big_empty_room
D:4:      layout_basic, lemuel_tele_altar
D:5:      layout_loops_corners, lemuel_doored_altar

Skill      XL: |  1  2  3  4  5  6  7 |
---------------+----------------------+-----
Long Blades    | 3 4 5 6 7 |  7.1
Stealth        | 4 |  4.0
Fighting       | |  3.0
Dodging        | |  3.0
Shields        | |  3.0

Action                   |  1- 3 |  4- 6 |  7- 9 || total
-------------------------+-------+-------+-------++-------
Melee: Long sword        |    62 |    75 |    19 ||   156
       Tentacles         |     7 |    18 |     5 ||    30
       Constrict         |     8 |    18 |     7 ||    33
  Use: Potion            |       |     2 |       ||     2
 Stab: Sleeping          |     5 |     8 |       ||    13
Armor: Skin              |     2 |     5 |     1 ||     8
Dodge: Dodged            |    24 |    22 |     9 ||    55
Block: Kite shield       |    24 |    34 |     5 ||    63
       Rpst.: Long sword |     8 |     7 |     4 ||    19

Table legend: (Time is in decaauts)
 A = Elapsed time spent in this place.
 B = Non-inter-level travel time spent in this place.
 C = Inter-level travel time spent in this place.
 D = Time resting spent in this place.
 E = Time spent auto-exploring this place.
 F = Levels seen in this place.
 G = Mean time per level.
                   A        B        C        D        E       F      G
               +--------+--------+--------+--------+--------+-----+--------+
         Total |   5344 |   5246 |     98 |      0 |   4688 |   5 | 1068.8 |
       Dungeon |   5344 |   5246 |     98 |      0 |   4688 |   5 | 1068.8 |
               +--------+--------+--------+--------+--------+-----+--------+

Top non-repeatable levels by time:
     D:2: 1523 daAuts
     D:4: 1241 daAuts
     D:1: 1193 daAuts
     D:5: 727 daAuts
     D:3: 656 daAuts
